 Dungeon Crawl Stone Soup version 0.29.1-1-gd02db6906a (webtiles) character file.

Game seed: 8734507264233383785

380 Ashen the Chiller (level 6, -1/44 HPs)
             Began as a Demonspawn Ice Elementalist on Oct 3, 2022.
             Succumbed to an orc wizard's poison
             ... on level 4 of the Dungeon.
             The game lasted 00:10:36 (4301 turns).

Ashen the Chiller (Demonspawn Ice Elementalist)     Turns: 4301, Time: 00:10:37

Health: -1/44      AC:  3    Str:  7 (8)  XL:     6   Next: 46%
Magic:  11/11      EV: 11    Int: 18 (19) God:
Gold:   233        SH:  0    Dex: 10 (13) Spells: 5/12 levels left

rFire   . . .      SeeInvis .   u - +2 spear (venom)
rCold   . . .      Faith    .   (no shield)
rNeg    . . .      Spirit   .   p - +0 leather armour
rPois   .          Reflect  .   (no helmet)
rElec   .          Harm     .   (no cloak)
rCorr   .          Rampage  .   (no gloves)
Will    .....                   (no boots)
Stlth   ++........              o - amulet of magic regeneration
HPRegen 0.14/turn               (no ring)
MPRegen 0.52/turn               (no ring)

@: lethally poisoned (-1 -> -30)
A: claws 1, ignite blood 1
a: no special abilities


You were on level 4 of the Dungeon.
You visited 1 branch of the dungeon, and saw 4 of its levels.

You collected 233 gold pieces.

Inventory:

Hand Weapons
 d - a +0 long sword
 u - a +2 spear of venom (weapon)
Armour
 a - a +0 robe
 p - a +0 leather armour (worn)
Jewellery
 o - an amulet of magic regeneration (around neck)
Wands
 r - a wand of roots (9)
Scrolls
 c - 8 scrolls of identify {unknown}
 f - 2 scrolls of poison {unknown}
 g - 4 scrolls of enchant weapon {unknown}
 h - a scroll of fear {unknown}
 i - a scroll of butterflies {unknown}
 m - 2 scrolls of noise {unknown}
 n - a scroll of immolation
 q - a scroll of teleportation {unknown}
 s - 2 scrolls of magic mapping {unknown}
 t - a scroll of enchant armour {unknown}
 v - a scroll of amnesia {unknown}
Potions
 b - a potion of magic
 j - a potion of brilliance {unknown}
 l - a potion of resistance {unknown}
 w - a potion of cancellation {unknown}


   Skills:
 + Level 2.1 Fighting
 + Level 2.8 Dodging
 + Level 3.0 Stealth
 * Level 3.7 Spellcasting
 * Level 4.9 Ice Magic


You had 5 spell levels left.
You knew the following spells:

 Your Spells              Type           Power      Damage    Failure   Level
a - Freeze                Ice            84%        1d10      3%          1
b - Frozen Ramparts       Ice            42%        1d7       9%          3
c - Ozocubu's Armour      Ice            21%        N/A       9%          3

Your spell library contained the following spells:

 Spells                   Type           Power      Damage    Failure   Level
 Call Canine Familiar     Summ           3%         N/A       56%         3
 Portal Projectile        Hex/Tloc       6%         N/A       56%         3
 Hailstorm                Conj/Ice       12%        3d5       63%         4
 Leda's Liquefaction      Hex/Erth       1%         N/A       92%         4
 Metabolic Englaciation   Hex/Ice        6%         N/A       93%         5
 Dispersal                Tloc           1%         N/A       100%        6
 Simulacrum               Ice/Necr       6%         N/A       100%        6
 Disjunction              Tloc           1%         N/A       100%        8


Dungeon Overview and Level Annotations

Branches:
Dungeon (4/15)
 Temple: D:4-7

Altars:
Ashenzari
Qazlal
Yredelemnul

Shops:
D:2 (


Innate Abilities, Weirdness & Mutations

You have sharp fingernails.
Your demonic aura sometimes causes spilled blood to erupt in flames.


Message History

You are confused.
The orc hits you but does no damage.
You are too confused!
You are too confused!
You are too confused!
You miss the orc.
The orc is severely wounded.
You kill the orc!
The orc wizard hits you with a +2 dagger of venom.
You are poisoned.
You feel sick.
The orc wizard hits you with a +2 dagger of venom.
You are more poisoned.
You feel very sick.
The orc wizard hits you with a +2 dagger of venom.
You are more poisoned.
The orc hits you with a +0 morningstar!
Things that are here:
a +0 whip; a +0 leather armour; an orc corpse The orc attacks as you move away!
The orc hits you with a +0 morningstar.
The orc wizard attacks as you move away!
The orc wizard hits you with a +2 dagger of venom.
* * * LOW HITPOINT WARNING * * *
You are more poisoned.
* * * LOW HITPOINT WARNING * * *
You feel extremely sick.
You're too confused to cast spells.
Sorry, you're not good enough to have a special ability.
Unknown command.
You feel much better.
You feel very sick.
The orc wizard hits you with a +2 dagger of venom.
You are more poisoned.
The orc hits you with a +0 morningstar!
* * * LOW HITPOINT WARNING * * *
It was a potion of degeneration.
There was something very wrong with that liquid.
You feel weakened.
You feel dopey.
You feel clumsy.
You feel less confused.
You die...

#......#
#..###.#######
#.<..........#
##.#########.#
...### #.##
.....#
#..############
..##.#
##.....$.......
#.##.#
##...#..#..#..
.....###
#..@o........
.......#
#..○o........
.#####.#
#............
.#####.#
#...#..#..#..
.......#
#....$.......
########
#############


You could see an orc wizard and an orc.

Vanquished Creatures
  An ogre (D:4)
  A phantom (D:4)
  An orc priest (D:3)
  An iguana (D:4)
  An orc wizard (D:4)
  A hound zombie (D:3)
  6 adders
  An adder zombie (D:3)
  7 orcs
  5 ball pythons
  An endoplasm (D:2)
  2 giant cockroaches
  8 hobgoblins
  6 jackals
  3 quokkas
  4 bats
  5 frilled lizards
  2 giant cockroach zombies (D:3)
  3 goblins
  8 kobolds
  4 rats
71 creatures vanquished.

Vanquished Creatures (others)
  An orc (D:4)
1 creature vanquished.

Grand Total: 72 creatures vanquished

Notes
Turn   | Place    | Note
-------+----------+-------------------------------------------
     0 | D:1      | Ashen the Demonspawn Ice Elementalist began the quest for
                  | the Orb.
     0 | D:1      | Reached XP level 1. HP: 13/13 MP: 3/3
   670 | D:1      | Gained mutation: Your demonic aura sometimes causes spilled
                  | blood to erupt in flames. [demonic ancestry]
   670 | D:1      | Reached XP level 2. HP: 8/19 MP: 0/5
  1433 | D:2      | Found Rorchi's Weapon Boutique.
  1486 | D:2      | Found a faded altar of an unknown god.
  1579 | D:2      | Reached XP level 3. HP: 25/25 MP: 2/6
  1842 | D:2      | Reached skill level 4 in Ice Magic
  2182 | D:3      | Reached skill level 1 in Fighting
  2200 | D:3      | Learned a level 3 spell: Frozen Ramparts
  2204 | D:3      | Learned a level 3 spell: Ozocubu's Armour
  2209 | D:3      | Found a basalt altar of Yredelemnul.
  2496 | D:3      | Reached XP level 4. HP: 27/32 MP: 4/8
  3205 | D:3      | Gained mutation: You have sharp fingernails. [demonic
                  | ancestry]
  3205 | D:3      | Reached XP level 5. HP: 37/37 MP: 7/9
  3327 | D:4      | Found a broken altar of Ashenzari.
  3664 | D:4      | Noticed a phantom
  3679 | D:4      | Killed a phantom
  3921 | D:4      | Found a stormy altar of Qazlal.
  3938 | D:4      | Noticed an ogre
  3948 | D:4      | Killed an ogre
  3949 | D:4      | Reached XP level 6. HP: 26/44 MP: 11/11
  4301 | D:4      | Succumbed to an orc wizard's poison

Illustrated notes

Levels and vault maps discovered:
D:1:      beargit_arrival_greenhouse, layout_loops_ring, chequers_avenue
D:2:      layout_loops_ring, serial_shops, nicolae_shop_trees,
          hellmonk_ecumenical_altar_blasted
D:3:      layout_loops_cross, nicolae_yredelemnul_corpse_copse,
          minmay_misc_feat_four_crosses
D:4:      layout_basic, mainiacjoe_overflow_six_doors_small,
          nicolae_uskayaw_murder_on_the_dancefloor,
          nicolae_qazlal_scattered_showers,
          mainiacjoe_overflow_concentric_impassable, temple_hall

Skill      XL: |  1  2  3  4  5  6 |
---------------+-------------------+-----
Stealth        | 2 3 |  3.0
Dodging        | 2 |  2.8
Ice Magic      | 4 |  4.9
Fighting       | 1 2 |  2.1
Spellcasting   | 3 |  3.7

Action                   |  1- 3 |  4- 6 || total
-------------------------+-------+-------++-------
Melee: Long sword        |    59 |    73 ||   132
       Unarmed           |     2 |       ||     2
       Punch             |     1 |       ||     1
       Spear             |       |     9 ||     9
 Cast: Freeze            |    29 |    11 ||    40
       Frozen Ramparts   |       |     3 ||     3
  Use: Potion            |       |     3 ||     3
 Stab: Sleeping          |     5 |     6 ||    11
       Distracted        |     1 |       ||     1
Armor: Robe              |    19 |       ||    19
       Leather armour    |     5 |    24 ||    29
Dodge: Dodged            |    78 |    71 ||   149
